 Dungeon Crawl Stone Soup version 0.31.0-4-g52a2dc7128 (webtiles) character file.

Game seed: 17110286327356584787

35 MisterFreud the Conjurer (level 3, -3/24 HPs)
             Began as a Demonspawn Conjurer on Jan 22, 2024.
             Slain by a cerulean imp
             ... wielding a +2 spear
             ... summoned by Natasha
              (6 damage)
             ... on level 2 of the Dungeon.
             The game lasted 00:01:53 (1544 turns).

MisterFreud the Conjurer (Demonspawn Conjurer)      Turns: 1544, Time: 00:01:54

Health: -3/24      AC:  2    Str:  7    XL:     3   Next: 17%
Magic:  1/6        EV: 12    Int: 20    God:
Gold:   105        SH:  0    Dex: 11    Spells: 5/6 levels left

rFire   . . .        c - +0 dagger
rCold   . . .        (no shield)
rNeg    . . .        a - +0 robe
rPois   .            (no helmet)
rElec   .            (no cloak)
rCorr   .            (no gloves)
SInv    .            (no boots)
Will    .....        (no amulet)
Stlth   ++           (no ring)
HPRegen 0.24/turn    (no ring)
MPRegen 0.10/turn

%: no passive effects
@: no status effects
A: claws 1
a: no special abilities


You were on level 2 of the Dungeon.
You visited 1 branch of the dungeon, and saw 2 of its levels.

You collected 105 gold pieces.

Inventory:

Hand Weapons
 c - a +0 dagger (weapon)
Armour
 a - a +0 robe (worn)
Jewellery
 i - a ring of poison resistance
Talismans
 e - a blade talisman
 g - a serpent talisman
Scrolls
 d - a scroll of teleportation {unknown}
 f - a scroll of identify {unknown}
Potions
 b - a potion of magic
 h - a potion of lignification {unknown}


   Skills:
 - Level 1.7 Dodging
 - Level 1.7 Stealth
 - Level 2.0 Spellcasting
 + Level 5.1 Conjurations


You had 5 spell levels left.
You knew the following spells:

 Your Spells              Type           Power      Damage    Failure   Level
a - Magic Dart            Conj           88%        1d7       1%          1

Your spell library contained the following spells:

 Spells                   Type           Power      Damage    Failure   Level
 Searing Ray              Conj           44%        2d6       3%          2
 Foxfire                  Conj/Fire      48%        2x1d6     5%          1
 Fulminant Prism          Conj/Alch      6%         3d7       50%         4
 Iskenderun's Mystic Bla  Conj/Tloc      12%        2d5       50%         4
 Plasma Beam              Fire/Air       1%         2x1d11    100%        6
 Starburst                Conj/Fire      6%         6d4       100%        6


Dungeon Overview and Level Annotations

Branches:
Dungeon (2/15)

Altars:

Annotations:
D:2 Natasha


Innate Abilities, Weirdness & Mutations

You have sharp fingernails.


Message History

Press: ? - help, Shift-Dir - straight line, f/p - Natasha
Aim: Natasha (moderately wounded, 100% to hit)
The magic dart hits Natasha.
Natasha is moderately wounded.
Natasha mumbles some strange words.
Casting: Magic Dart (safe; 1% risk of failure)
Confirm with . or Enter, or press ? or * to list all spells.
Aiming: Magic Dart (safe; 1% risk of failure)
Press: ? - help, Shift-Dir - straight line, f/p - Natasha
Aim: Natasha (moderately wounded, 100% to hit)
The magic dart hits Natasha.
Natasha is severely wounded.
Casting: Magic Dart (safe; 1% risk of failure)
Confirm with . or Enter, or press ? or * to list all spells.
You don't have enough magic to cast this spell.
Unknown command.
Casting: Magic Dart (safe; 1% risk of failure)
Confirm with . or Enter, or press ? or * to list all spells.
You don't have enough magic to cast this spell.
Unknown command.
The cerulean imp hits you from afar with a +2 spear.
Natasha claws you.
Unknown command.
You hit Natasha.
Natasha is almost dead.
Natasha closely misses you.
The cerulean imp hits you from afar with a +2 spear.
You hit Natasha but do no damage.
Natasha is almost dead.
Natasha casts a spell.
The cerulean imp hits you from afar with a +2 spear.
* * * LOW HITPOINT WARNING * * *
Unknown command.
You barely miss Natasha.
Natasha is almost dead.
The cerulean imp hits you from afar with a +2 spear.
* * * LOW HITPOINT WARNING * * *
Natasha misses you.
The cerulean imp hits you with a +2 spear.
You die...

#. .....#
.####....#
.......$+ .
.)#....# ### ..
......#...
#.##†5...#.#
#...5h.....#..
#.@...# #)#
###..## #.# #..#
#.# #..# #.#
######..## #.#
.........# #.#
.........###.#
.........'...#
.........#####.#


You could see Natasha and 2 cerulean imps.

Vanquished Creatures
  2 ball pythons (D:1)
  7 bats
  4 endoplasms (D:1)
  5 goblins
  3 hobgoblins (D:1)
  3 kobolds
  4 frilled lizards (D:1)
  3 rats
31 creatures vanquished.

Notes
Turn   | Place    | Note
-------+----------+-------------------------------------------
     0 | D:1      | MisterFreud the Demonspawn Conjurer began the quest for the
                  | Orb.
     0 | D:1      | Reached XP level 1. HP: 13/13 MP: 3/3
     3 | D:1      | Noticed an electric eel
     4 | D:1      | Noticed an electric eel
   328 | D:1      | Gained mutation: You have sharp fingernails. [demonic
                  | ancestry]
   328 | D:1      | Reached XP level 2. HP: 19/19 MP: 0/5
  1108 | D:1      | Reached skill level 5 in Conjurations
  1212 | D:1      | Reached XP level 3. HP: 16/24 MP: 3/6
  1534 | D:2      | Noticed Natasha
  1544 | D:2      | Slain by a cerulean imp

Illustrated notes

Levels and vault maps discovered:
D:1:      arrival_aquarium_b, layout_basic, nicolae_figureground_pulse
D:2:      layout_basic, uniq_natasha

Skill      XL: |  1  2 |
---------------+-------+-----
Conjurations   | 5 |  5.1
Dodging        | |  1.7
Stealth        | |  1.7
Spellcasting   | |  2.0

Action                     || total
---------------------------++-------
  Melee: Unarmed           ||    12
         Dagger            ||    17
   Cast: Magic Dart        ||    60
 Armour: Robe              ||    18
  Dodge: Dodged            ||    22
